 Dungeon Crawl Stone Soup version 0.26-a0-613-g4f23886233 (webtiles) character file.

Game seed: 15043487203764341961

9 Colgate the Insei (level 2, 21/21 HPs)
             Began as a Merfolk Transmuter on Sept 11, 2020.
             Quit the game on level 1 of the Dungeon.
             The game lasted 00:04:34 (270 turns).

Colgate the Insei (Merfolk Transmuter)               Turns: 270, Time: 00:04:35

Health: 21/21      AC:  2    Str: 10    XL:     2   Next: 12%
Magic:  4/5        EV: 13    Int: 12    God:
Gold:   0          SH:  0    Dex: 14    Spells: 2/5 levels left

rFire    . . .     SeeInvis .     - Unarmed
rCold    . . .     Faith    .   (no shield)
rNeg     . . .     Spirit   .   a - +0 robe
rPois    .         Reflect  .   (helmet currently unavailable)
rElec    .         Harm     .   (no cloak)
rCorr    .                      (no gloves)
MR       .....                  (boots currently unavailable)
Stlth    +.........             (no amulet)
HPRegen  0.07/turn              (no ring)
MPRegen  0.09/turn              (no ring)

@: appendages (expiring)
A: change form in water, swift swim, stealthy swim, horns 2
a: End Transformation


You were on level 1 of the Dungeon.
You had grown temporary horns.
You visited 1 branch of the dungeon, and saw 1 of its levels.

Inventory:

Armour
 a - a +0 robe (worn)
 b - a +0 ring mail


   Skills:
 - Level 1.1 Fighting
 - Level 2.6 Dodging
 + Level 4.0 Unarmed Combat
 - Level 2.0 Spellcasting
 - Level 2.6 Transmutations


You had 2 spell levels left.
You knew the following spells:

 Your Spells              Type           Power        Failure   Level
a - Beastly Appendage     Tmut           #.....       9%          1
b - Wereblood             Tmut           #.......     14%         2

Your spell library contained the following spells:

 Spells                   Type           Power        Failure   Level
 Spider Form              Tmut/Pois      #.........   43%         3
 Ice Form                 Ice/Tmut       #.......     83%         4
 Blade Hands              Tmut           #.........   94%         5


Dungeon Overview and Level Annotations

Branches:
Dungeon (1/15)

Altars:


Innate Abilities, Weirdness & Mutations

You revert to your normal form in water.
You are very nimble and swift while swimming.
You are very stealthy in the water. (Stealth+)
You have a pair of horns on your head.


Message History

Your Unarmed Combat skill increases to level 4!
You have reached level 2!
Okay, then.
Okay, then.
You start removing your armour.
You continue taking off your +0 ring mail. x4
Your transformation is almost over.
You finish taking off your +0 ring mail.
You start putting on your armour.
You continue putting on your +0 robe. x5
You finish putting on your +0 robe.
Okay, then.
Unknown command.
Welcome back, Colgate the Merfolk Transmuter.
Press ? for a list of commands and other information.
Okay, then.
Memorise Wereblood, consuming 2 spell levels and leaving 2?
You start memorising the spell.
You continue memorising. x2
You finish memorising.
Spell assigned to 'b'.
Okay, then.
Are you sure you want to abandon this character and quit the game? (Confirm with "yes".)

.# .# .. .# # .#
#.############ .#
#.#..........##.##.##.
............@†.(((...
#..........##.##.##.
#..........# ..#
#..........# ..#
#...÷......# ..#
#..).......# ..#
#..........# ..#
######.##### ..#
######.#


There were no monsters in sight!

Vanquished Creatures
  A dart slug (D:1)
  3 hobgoblins (D:1)
  A kobold (D:1)
  A rat (D:1)
6 creatures vanquished.

Notes
Turn   | Place    | Note
-------+----------+-------------------------------------------
     0 | D:1      | Colgate the Merfolk Transmuter began the quest for the Orb.
     0 | D:1      | Reached XP level 1. HP: 15/15 MP: 3/3
     0 | D:1      | Noticed a minotaur skeleton
    18 | D:1      | Noticed a minotaur skeleton
   256 | D:1      | Reached skill level 4 in Unarmed Combat
   256 | D:1      | Reached XP level 2. HP: 21/21 MP: 3/5
   270 | D:1      | Learned a level 2 spell: Wereblood
   270 | D:1      | Quit the game

Illustrated notes

Levels and vault maps discovered:
D:1:      shiori_arrival_whats_in_store_for_you, layout_basic,
          minmay_misc_feat_cross

Skill      XL: |  1 |
---------------+----+-----
Unarmed Combat | 4 |  4.0
Fighting       | |  1.1
Dodging        | |  2.6
Spellcasting   | |  2.0
Transmutations | |  2.6

Action                   || total
-------------------------++-------
Melee: Unarmed           ||    13
       Headbutt          ||     2
Throw: Stone             ||     3
 Cast: Beastly Appendage ||     5
Armor: Ring mail         ||     1
Dodge: Dodged            ||     4

Table legend: (Time is in decaauts)
 A = Elapsed time spent in this place.
 B = Non-inter-level travel time spent in this place.
 C = Inter-level travel time spent in this place.
 D = Time resting spent in this place.
 E = Time spent auto-exploring this place.
 F = Levels seen in this place.
 G = Mean time per level.
                   A        B        C        D        E       F      G
               +--------+--------+--------+--------+--------+-----+--------+
         Total |    269 |    269 |      0 |      0 |    164 |   1 |  269.0 |
       Dungeon |    269 |    269 |      0 |      0 |    164 |   1 |  269.0 |
               +--------+--------+--------+--------+--------+-----+--------+

Top non-repeatable levels by time:
     D:1: 269 daAuts
